 Dungeon Crawl Stone Soup version 0.30-a0-187-gd9c2deaf24 (webtiles) character file.

Game seed: 10095784665449561517

46794 KennySheep the Warrior (level 14, -6/162 (163) HPs)
             Began as an Ogre Fighter on Oct 4, 2022.
             Was a High Priest of Dithmenos.
             Mangled by a death knight
             ... wielding a +3 great sword
              (24 damage)
             ... on level 14 of the Dungeon.
             The game lasted 00:51:52 (20559 turns).

KennySheep the Warrior (Ogre Fighter)              Turns: 20559, Time: 00:51:52

HP:   -6/162 (163)  AC: 16    Str: 27    XL:     14   Next: 39%
MP:   14/14         EV: 13    Int:  9    God:    Dithmenos [*****.]
Gold: 1155          SH:  0    Dex:  8    Spells: 13/13 levels left

rFire   + + .      SeeInvis .    a - +3 giant spiked club (vamp)
rCold   . . .      Faith    .    (shield currently unavailable)
rNeg    . . .      Spirit   .    G - +7 swamp dragon scales
rPois   +          Reflect  .    (helmet restricted)
rElec   +          Harm     .    r - +2 cloak {Stlth+}
rCorr   .          Rampage  .    (gloves unavailable)
Will    ++...                    (boots unavailable)
Stlth   ++........               (no amulet)
HPRegen 1.27/turn                C - ring "Jymuurro" {rElec rF++ Will+}
MPRegen 0.14/turn                v - +4 ring of evasion

@: wreathed by umbra, lightly drained
A: large, unfitting armour, tough skin 1, deformed body, regeneration 1
a: Renounce Religion, Shadow Step, Shadow Form


You were on level 14 of the Dungeon.
You worshipped Dithmenos.
Dithmenos was extremely pleased with you.
You visited 2 branches of the dungeon, and saw 18 of its levels.
You also visited: Bailey and Gauntlet.

You collected 1441 gold pieces.
You spent 286 gold pieces at shops.

Inventory:

Hand Weapons
 a - a +3 vampiric giant spiked club (weapon)
Missiles
 j - 36 poisoned darts
 k - 10 javelins
 z - 7 silver javelins
 E - 4 datura-tipped darts
 F - 8 atropa-tipped darts
 I - 3 throwing nets
 T - 13 large rocks (quivered)
Armour
 r - a +2 cloak of stealth (worn)
 G - +7 swamp dragon scales (worn)
Jewellery
 c - the ring "Zus Ont" {rF+ Int+3}
   (You found it on level 2 of the Lair of Beasts)

   [ring of protection from fire]

   Int:       It affects your intelligence (+3).
   rF:        It protects you from fire.
 t - a +4 ring of protection
 v - a +4 ring of evasion (right hand)
 y - a ring of magical power
 C - the ring "Jymuurro" (left hand) {rElec rF++ Will+}
   (You found it in a Gauntlet)

   [ring of willpower]

   rF:        It greatly protects you from fire.
   rElec:     It insulates you from electricity.
   Will:      It increases your willpower.
Wands
 l - a wand of light (26)
 m - a wand of flame (34)
 H - a wand of charming (19)
 J - a wand of polymorph (13)
 K - a wand of digging (6)
 L - a wand of mindburst (3)
Scrolls
 e - 2 scrolls of fear
 n - 4 scrolls of noise
 o - 5 scrolls of poison
 q - 5 scrolls of teleportation
 s - 6 scrolls of amnesia
 u - 6 scrolls of identify
 w - 2 scrolls of butterflies
 D - 4 scrolls of immolation
 P - 2 scrolls of blinking
Potions
 b - 2 potions of heal wounds
 f - 7 potions of ambrosia
 g - 3 potions of lignification
 h - 2 potions of resistance
 p - 3 potions of curing
 x - 6 potions of flight
 Q - a potion of brilliance
 R - a potion of haste
 S - a potion of invisibility
Miscellaneous
 B - a box of beasts


   Skills:
 + Level 16.6 Fighting
 * Level 16.3 Maces & Flails
 + Level 9.2 Throwing
 - Level 6.0 Armour
 - Level 3.2 Dodging
 - Level 3.0 Shields


You had 13 spell levels left.
You didn't know any spells.
Your spell library contained the following spells:

 Spells                   Type           Power      Damage    Failure   Level
 Apportation              Tloc           0%         N/A       50%         1
 Freeze                   Ice            0%         1d3       50%         1
 Necrotise                Necr           0%         1d4       50%         1
 Summon Small Mammal      Summ           0%         N/A       50%         1
 Ensorcelled Hibernation  Hex/Ice        0%         N/A       65%         2
 Passwall                 Tmut/Erth      0%         N/A       65%         2
 Call Canine Familiar     Summ           0%         N/A       86%         3
 Frozen Ramparts          Ice            0%         1d1       86%         3
 Hailstorm                Conj/Ice       0%         3d3       86%         3
 Portal Projectile        Hex/Tloc       0%         N/A       86%         3
 Summon Guardian Golem    Hex/Summ       0%         N/A       86%         3
 Swiftness                Air            0%         N/A       86%         3
 Tukima's Dance           Hex            0%         N/A       86%         3
 Animate Dead             Necr           0%         N/A       99%         4
 Leda's Liquefaction      Hex/Erth       0%         N/A       99%         4
 Blade Hands              Tmut           0%         N/A       100%        5
 Borgnjor's Vile Clutch   Necr/Erth      0%         N/A       100%        5
 Lee's Rapid Deconstruct  Erth           0%         3d5*      100%        5
 Summon Forest            Summ/Tloc      0%         N/A       100%        5
 Summon Mana Viper        Hex/Summ       0%         N/A       100%        5
 Yara's Violent Unravell  Hex/Tmut       0%         3d3       100%        5
 Death Channel            Necr           0%         N/A       100%        6
 Statue Form              Tmut/Erth      0%         N/A       100%        6
 Summon Cactus Giant      Summ           0%         N/A       100%        6
 Enfeeble                 Hex            0%         N/A       100%        7


Dungeon Overview and Level Annotations

Branches:
Dungeon (14/15)            Temple (0/1) D:7            Lair (4/5) D:8
 Shoals (0/4) Lair:3        Snake (0/4) Lair:3          Orc (0/2) D:10
 Vaults (0/5) D:13         Bailey (visited)         Gauntlet (visited)
  Slime: Lair:4-5

Altars:
Dithmenos
Kikubaaqudgha
Qazlal
Ru
Sif Muna
Trog
Vehumet
Wu Jian

Shops:
D:1 *?   D:5 [

Annotations:
D:6 1 runed translucent door, Crazy Yiuf
D:8 2 transporters, exclusion: statue, SNESdreamland's ghost, novice MiBe
Lair:2 Pilot's ghost, journeyman FeSu; bande's ghost, journeyman GrFi


Innate Abilities, Weirdness & Mutations

You are too large for most types of armour.
You have tough skin. (AC +1)
Armour fits poorly on your strangely shaped body.
Your natural rate of healing is unusually fast.


Message History

The tengu warrior hits you with a +0 war axe!
The tengu warrior pecks you but does no damage.
The tengu warrior claws you but does no damage.
You hit the tengu warrior.
The tengu warrior is severely wounded.
Your shadow hits the tengu warrior with a giant spiked club!
The tengu warrior hits you but does no damage.
The tengu warrior pecks you but does no damage.
The tengu warrior claws you.
You puncture the tengu warrior!
You feel better.
You kill the tengu warrior!
Dithmenos accepts your kill.
You completely miss the enormous slime creature.
Your shadow hits the enormous slime creature with a giant spiked club!
The enormous slime creature hits you!!!
The death knight offers itself to Yredelemnul, and fills with unholy energy.
You hit the enormous slime creature.
The enormous slime creature is lightly wounded.
The enormous slime creature misses you.
The tengu conjurer gestures wildly while chanting.
The tengu conjurer blinks!
The enormous slime creature attacks as you move away!
The enormous slime creature hits you!!!
* * * LOW HITPOINT WARNING * * *
You emit a cloud of dark smoke.
The enormous slime creature attacks as you move away!
The enormous slime creature closely misses you.
There is an open door here.
As you read the scroll of fear, it crumbles to dust.
You assume a fearsome visage.
The death knight resists with almost no effort.
The enormous slime creature looks frightened!
The death knight's dark mirror aura disappears.
The death knight attacks as you move away!
The death knight hits you with a +3 great sword!!
* * * LOW HITPOINT WARNING * * *
There is an open door here.
You barely miss the death knight.
The death knight hits you with a +3 great sword!!
You die... . ####### .. #####.....# ... #§§.CJ....# ... #§###.....+ #pC

#§#
#.....#
#?.(#p#
#.p...#
#.CQ#
##@####
#?..###
#.# #...
#.###
..R.
#...#
.....
###.###
/...
#...#
..##
#####'##
#......#
#......#


You could see a death knight, an enormous slime creature (fleeing) and a
cyclops.

Vanquished Creatures
  A minotaur (Gauntlet)
  The ghost of IdlyInterested the Carver, a journeyman DsGl of Dithmenos (Lair:2)
  Snorg (D:10)
  Fannar (D:10)
  4 hydras
  2 centaur warriors
  Erolcha (D:11)
  5 vault guards (D:13)
  A catoblepas (Lair:4)
  2 two-headed ogres
  3 boulder beetles
  A tengu warrior (D:14)
  Sonja (D:10)
  Urug (Lair:4)
  4 skeletal warriors (D:12)
  A deep elf archer (D:13)
  An orc knight (Bailey)
  2 deep elf pyromancers (D:13)
  An ugly thing (D:13)
  2 manticores (D:12)
  5 cyclopes
  Maurice (D:10)
  A rust devil (Gauntlet)
  Joseph (Lair:1)
  A merfolk siren (Lair:3)
  Maggie (D:8)
  2 gargoyles (D:13)
  5 black mambas
  6 cane toads
  A kobold demonologist (D:12)
  6 komodo dragons
  4 tengu conjurers
  A hornet (D:7)
  A polar bear (Lair:3)
  6 blink frogs
  3 slime creatures (D:13)
  A ynoxinul (Gauntlet)
  2 shadows
  A centaur simulacrum (D:13)
  4 wraiths
  A vampire (D:11)
  3 wyverns
  7 fire bats (Gauntlet)
  Eustachio (D:6)
  12 yaks
  4 basilisks
  2 steam dragons
  Menkaure (D:7)
  2 wargs (D:8)
  7 nagas (Lair:3)
  5 vampire mosquitoes
  Edmund (D:5)
  3 acid dragons
  17 water moccasins
  2 hell hounds (Gauntlet)
  Duvessa (D:4)
  6 orc warriors
  An ice beast (D:6)
  A sky beast (D:8)
  A black bear (Lair:2)
  2 ogres
  4 wolves (Lair:3)
  5 centaurs
  2 phantoms (D:6)
  Blork the orc (D:6)
  11 bullfrogs
  9 kobold brigands
  3 scorpions
  3 wights (D:9)
  Dowan (D:4)
  6 killer bees
  An electric eel (D:10)
  3 howler monkeys (D:9)
  A hound (D:5)
  3 jellies
  An orc priest (D:9)
  2 iron imps (Gauntlet)
  7 iguanas
  11 orc wizards
  9 adders
  3 shadow imps
  2 ufetubi (D:6)
  4 worms
  4 dart slugs
  21 orcs
  11 ball pythons
  7 endoplasms
  3 giant cockroaches
  9 goblins
  11 hobgoblins
  3 jackals (D:1)
  3 quokkas
  5 bats
  4 frilled lizards
  24 kobolds
  2 rats (D:1)
368 creatures vanquished.

Vanquished Creatures (others)
  An orc wizard (D:6)
  7 fungi (Lair:1)
  4 plants
12 creatures vanquished.

Grand Total: 380 creatures vanquished

Notes
Turn   | Place    | Note
-------+----------+-------------------------------------------
     0 | D:1      | KennySheep the Ogre Fighter began the quest for the Orb.
     0 | D:1      | Reached XP level 1. HP: 24/24 MP: 1/1
    32 | D:1      | Found Otziog's General Store.
   181 | D:1      | Found Qucses's Magic Scroll Shop.
   203 | D:1      | Reached XP level 2. HP: 32/32 MP: 2/2
   388 | D:1      | Bought a scroll of identify for 20 gold pieces
   697 | D:1      | Reached XP level 3. HP: 40/40 MP: 3/3
  1891 | D:3      | Reached XP level 4. HP: 31/49 MP: 4/4
  3091 | D:4      | Reached skill level 5 in Fighting
  3151 | D:4      | Reached XP level 5. HP: 14/57 MP: 5/5
  3313 | D:4      | Found a shadowy altar of Dithmenos.
  3345 | D:4      | Became a worshipper of Dithmenos the Shadowed
  3804 | D:4      | Noticed Duvessa
  3804 | D:4      | Noticed Dowan
  3817 | D:5      | Entered Level 5 of the Dungeon
  3817 | D:5      | Found Oggun's Antique Armour Emporium.
  3824 | D:5      | Reached XP level 6. HP: 53/67 MP: 6/6
  3988 | D:5      | Reached skill level 5 in Maces & Flails
  4137 | D:4      | Killed Duvessa
  4138 | D:4      | Reached XP level 7. HP: 70/76 MP: 7/7
  4146 | D:4      | Killed Dowan
  4282 | D:4      | You fall into a shaft and drop 3 floors!
  4525 | D:5      | Reached XP level 8. HP: 87/87 MP: 8/8
  4535 | D:5      | Noticed Edmund
  4540 | D:5      | Killed Edmund
  5053 | D:6      | Found a stormy altar of Qazlal.
  5082 | D:6      | Reached * piety under Dithmenos
  5302 | D:6      | Noticed Eustachio
  5333 | D:6      | Killed Eustachio
  5494 | D:6      | Noticed Blork the orc
  5505 | D:6      | Killed Blork the orc
  5674 | D:6      | Found a runed translucent door.
  5675 | D:6      | Noticed Crazy Yiuf
  5791 | D:6      | Reached XP level 9. HP: 98/98 MP: 9/9
  6298 | D:7      | Noticed a hornet
  6369 | D:7      | Found a bloodstained altar of Trog.
  6369 | D:7      | Found a shimmering blue altar of Sif Muna.
  6370 | D:7      | Found a sacrificial altar of Ru.
  6375 | D:7      | Paralysed by a hornet for 2 turns
  6382 | D:7      | Paralysed by a hornet for 1 turns
  6384 | D:7      | Killed a hornet
  6624 | D:7      | Found a staircase to the Ecumenical Temple.
  6666 | D:7      | Noticed Menkaure
  6674 | D:7      | Killed Menkaure
  7244 | D:8      | Found a flagged portal.
  7257 | Bailey   | Entered a bailey
  7284 | Bailey   | Reached skill level 10 in Fighting
  7476 | Bailey   | Noticed an orc knight
  7506 | Bailey   | Killed an orc knight
  7507 | Bailey   | Reached skill level 10 in Maces & Flails
  7517 | Bailey   | Reached ** piety under Dithmenos
  7526 | Bailey   | Reached XP level 10. HP: 42/113 MP: 10/10
  7777 | Bailey   | Found a burning altar of Makhleb.
  8085 | D:8      | Found a staircase to the Lair.
  8153 | D:8      | Found a radiant altar of Vehumet.
  8194 | D:8      | Noticed Maggie
  8201 | D:8      | Killed Maggie
  8454 | D:8      | Noticed a moth of wrath
  8473 | D:8      | Found a transporter.
  8477 | D:8      | Noticed SNESdreamland's ghost (novice MiBe)
  8508 | D:8      | Found a transporter.
  8930 | D:9      | Reached skill level 1 in Armour
  9001 | D:9      | Found an ancient bone altar of Kikubaaqudgha.
  9139 | D:9      | Noticed a two-headed ogre
  9143 | D:9      | Killed a two-headed ogre
  9310 | D:9      | Identified the +1 scale mail of the Orcish Mines {Dex+4}
  9439 | D:9      | Reached *** piety under Dithmenos
  9848 | D:9      | Reached skill level 1 in Throwing
 10124 | D:10     | Entered Level 10 of the Dungeon
 10204 | D:10     | Reached XP level 11. HP: 105/124 MP: 11/11
 10367 | D:10     | Noticed Fannar
 10368 | D:10     | Noticed Sonja
 10391 | D:10     | Killed Sonja
 10658 | D:10     | Noticed Snorg
 11033 | Lair:1   | Entered Level 1 of the Lair of Beasts
 11036 | Lair:1   | Noticed Joseph
 11047 | Lair:1   | Killed Joseph
 11986 | Lair:1   | Noticed a seven-headed hydra
 11986 | Lair:1   | You fall into a shaft and drop 1 floor!
 11986 | Lair:2   | Found a runed translucent gate.
 11986 | Lair:2   | Found a runed translucent gate.
 11986 | Lair:2   | Found a runed translucent gate.
 11989 | Lair:2   | Noticed a boulder beetle
 12016 | Lair:2   | Killed a boulder beetle
 12050 | Lair:2   | Found a gate leading to a gauntlet.
 12075 | Gauntlet | Entered a Gauntlet
 12075 | Gauntlet | Found a transporter.
 12075 | Gauntlet | Found a runed translucent door.
 12120 | Gauntlet | Found a runed translucent door.
 12124 | Gauntlet | Found a transporter.
 12126 | Gauntlet | Found a transporter.
 12136 | Gauntlet | Noticed a fire crab
 12137 | Gauntlet | Found a transporter.
 12140 | Gauntlet | Found a transporter.
 12145 | Gauntlet | Noticed a fire crab
 12150 | Gauntlet | Found a transporter.
 12164 | Gauntlet | Noticed a fire crab
 12169 | Gauntlet | Found a transporter.
 12177 | Gauntlet | Found a transporter.
 12184 | Gauntlet | Noticed a sixfirhy
 12186 | Gauntlet | Noticed a sixfirhy
 12188 | Gauntlet | Found a transporter.
 12189 | Gauntlet | Noticed a ghost crab
 12203 | Gauntlet | Found a transporter.
 12218 | Gauntlet | Found a transporter.
 12218 | Gauntlet | Found a transporter.
 12265 | Gauntlet | Found a transporter.
 12279 | Gauntlet | Found a transporter.
 12473 | Gauntlet | Identified the ring "Jymuurro" {rElec rF++ Will+}
 12492 | Gauntlet | Reached **** piety under Dithmenos
 12496 | Gauntlet | Reached XP level 12. HP: 50/136 MP: 12/12
 12788 | Gauntlet | Gained mutation: You are partially covered in iridescent
                  | scales. (AC +2) [potion of mutation]
 12788 | Gauntlet | Gained mutation: You have sharp toenails. [potion of
                  | mutation]
 12788 | Gauntlet | Gained mutation: You occasionally lose the ability to read
                  | scrolls when taking damage. [potion of mutation]
 12789 | Gauntlet | Lost mutation: You are partially covered in iridescent
                  | scales. (AC +2) [potion of mutation]
 12789 | Gauntlet | Lost mutation: You occasionally lose the ability to read
                  | scrolls when taking damage. [potion of mutation]
 12789 | Gauntlet | Lost mutation: You have sharp toenails. [potion of
                  | mutation]
 12789 | Gauntlet | Gained mutation: Your natural rate of healing is unusually
                  | fast. [potion of mutation]
 12789 | Gauntlet | Gained mutation: Armour fits poorly on your strangely
                  | shaped body. [potion of mutation]
 12793 | Gauntlet | Noticed a minotaur
 12799 | Gauntlet | HP: 1/136 [minotaur/+0 glaive (28)]
 12800 | Gauntlet | Killed a minotaur
 13065 | Lair:2   | Identified the ring "Zus Ont" {rF+ Int+3}
 13158 | Lair:2   | Reached skill level 5 in Throwing
 13163 | Lair:2   | Identified the +10 broad axe "Okoaxibu" {vorpal, MP-9 Int+4
                  | Dex+2}
 13449 | Lair:2   | Noticed Pilot's ghost (journeyman FeSu)
 13450 | Lair:2   | Noticed IdlyInterested's ghost (journeyman DsGl)
 13698 | Lair:2   | Noticed bande's ghost (journeyman GrFi)
 13812 | Lair:2   | Killed IdlyInterested's ghost
 13862 | Lair:1   | Killed a seven-headed hydra
 14138 | Lair:2   | Identified the +7 rapier "Zoamul" {protect, rC+ MP+9 Str+2}
 14226 | Lair:3   | Reached skill level 5 in Armour
 14445 | Lair:3   | Noticed a five-headed hydra
 14451 | Lair:3   | Killed a five-headed hydra
 14770 | Lair:3   | Found a staircase to the Snake Pit.
 14806 | Lair:3   | Found a staircase to the Shoals.
 15221 | Lair:3   | Noticed a five-headed hydra
 15225 | Lair:3   | Killed a five-headed hydra
 15540 | Lair:4   | Identified the +3 mace "Geimi" {vorpal, rPois rC+}
 15603 | Lair:4   | Noticed Urug
 15605 | Lair:4   | Reached XP level 13. HP: 148/148 MP: 13/13
 15610 | Lair:4   | Killed Urug
 15768 | Lair:4   | Identified the +2 leather armour of Uskayaw's Delight
                  | {Dex+6}
 15876 | Lair:4   | Reached skill level 15 in Fighting
 16014 | Lair:4   | Identified the +1 leather armour of Imaamaeck {rF+ Str+3}
 16558 | D:1      | Bought a scroll of enchant armour for 105 gold pieces
 16558 | D:1      | Bought a scroll of fear for 56 gold pieces
 16558 | D:1      | Bought a scroll of blinking for 105 gold pieces
 16839 | D:10     | Killed Snorg
 17199 | D:10     | Noticed Maurice
 17207 | D:10     | Killed Maurice
 17508 | D:10     | Killed Fannar
 17509 | D:10     | Reached skill level 15 in Maces & Flails
 17740 | D:10     | Found a staircase to the Orcish Mines.
 17886 | D:11     | Noticed Erolcha
 17900 | D:11     | Killed Erolcha
 18073 | D:11     | Found an ornate altar of the Wu Jian Council.
 19148 | D:12     | Reached ***** piety under Dithmenos
 19286 | D:13     | Noticed a vault guard
 19390 | D:13     | Noticed a vault guard
 19566 | D:13     | Reached XP level 14. HP: 137/162 MP: 14/14
 19830 | D:13     | Found a gate to the Vaults.
 20559 | D:14     | Mangled by a death knight

Illustrated notes

Levels and vault maps discovered:
D:1:      matt_arrival_diagonals, layout_basic, serial_shops,
          nicolae_shop_waterfront, nicolae_shop_waterfront
D:2:      layout_basic, serial_glass, glass_columns_c, glass_columns_a,
          glass_columns_b, glass_columns_c, glass_columns_a, glass_columns_b,
          glass_columns_c, glass_columns_b
D:3:      layout_basic, minmay_misc_feat_iff, minmay_misc_feat_hallway
D:4:      dreamdust_elfheim, layout_basic, mainiacjoe_overflow_six_doors_small,
          minmay_circle_x
D:5:      layout_rooms, serial_shops, nicolae_shop_trees,
          kennysheep_generic_room_12, uniq_edmund
D:6:      layout_gridville, grunt_qazlal_clouds, uniq_crazy_yiuf_cottage,
          uniq_blork_the_orc, uniq_eustachio, uniq_duvessa
D:7:      layout_basic, gammafunk_temple_overflow_claw, temple_green,
          uniq_menkaure
D:8:      layout_gridville, vehumet_statue, erik_lair_orcish_takeover,
          gammafunk_ghost_berserking_beasts, enter_bailey_3, uniq_maggie
D:9:      layout_loops_corners, kennysheep_mini
D:10:     layout_basic, orc_0_dummy, uniq_sonja, uniq_maurice, uniq_fannar,
          uniq_snorg
D:11:     layout_roguey, serial_co_window_serial, co_window_corner_a,
          co_window_corner_a, co_window_cross_1, co_window_paths_a,
          co_window_paths_a, co_window_corner_cb, co_window_paths_c,
          co_window_paths_c, co_window_corner_ca, co_window_paths_d,
          glass_columns_a, pdpol_wu_jian_five_deadly_venoms, uniq_erolcha
D:12:     layout_roguey
D:13:     layout_basic, grunt_vaults_entry_fortified
D:14:     layout_roguey, minmay_misc_feat_ornament, grunt_potential
Lair:1:   layout_loops_ring, guppyfry_lair_drakes, uniq_joseph
Lair:2:   layout_cave_pods, gauntlet_entry_generic, gammafunk_ghost_cemetery
Lair:3:   layout_cave_pods, minmay_shoals_entry_lonely_mermaid,
          minmay_snake_entry_guardpost_medium, st_stairs_13,
          beast_lair_carwin_9, serial_bayou_shore_b, serial_bayou_shore_b,
          lemuel_fruit_tree
Lair:4:   minmay_guarded_unrand_snakebite, layout_gridlike, minivault_25,
          grunt_megastairs_5, lemuel_fruit_fields, uniq_urug

Skill      XL: |  1  2  3  4  5  6  7  8  9 10 11 12 13 14 |
---------------+-------------------------------------------+-----
Maces & Flails | 2 3 4 5 6 8 10 11 13 14 15 16 | 16.3
Dodging        | 3 |  3.2
Fighting       | 5 6 7 9 11 12 13 14 16 | 16.6
Armour         | 2 4 5 6 |  6.0
Throwing       | 1 4 6 8 9 |  9.2
Shields        | |  3.0

Action                   |  1- 3 |  4- 6 |  7- 9 | 10-12 | 13-15 || total
-------------------------+-------+-------+-------+-------+-------++-------
Melee: Flail             |   126 |   143 |       |       |       ||   269
       Giant club        |       |     3 |   128 |       |       ||   131
       Giant spiked club |       |       |   111 |   500 |   330 ||   941
Throw: Dart              |       |       |       |     4 |       ||     4
       Javelin           |       |       |       |     9 |     4 ||    13
       Large rock        |       |       |       |       |     7 ||     7
  Use: Scroll            |     4 |     2 |     7 |    13 |     8 ||    34
       Potion            |     2 |     3 |     5 |    13 |       ||    23
 Stab: Sleeping          |       |     1 |       |     2 |     1 ||     4
       Distracted        |       |       |       |     1 |       ||     1
Armor: Robe              |    48 |    33 |   121 |    18 |       ||   220
       Swamp dragon scal |       |       |       |   262 |   144 ||   406
Dodge: Dodged            |    48 |    52 |   334 |   513 |   228 ||  1175
Block: Kite shield       |    47 |    59 |       |       |       ||   106

Table legend: (Time is in decaauts)
 A = Elapsed time spent in this place.
 B = Non-inter-level travel time spent in this place.
 C = Inter-level travel time spent in this place.
 D = Time resting spent in this place.
 E = Time spent auto-exploring this place.
 F = Levels seen in this place.
 G = Mean time per level.
                   A        B        C        D        E       F      G
               +--------+--------+--------+--------+--------+-----+--------+
         Total |  20875 |  19571 |   1304 |   2704 |  13225 |  20 | 1043.8 |
       Dungeon |  14926 |  13808 |   1118 |   1714 |   9713 |  14 | 1066.1 |
          Lair |   4508 |   4323 |    185 |    271 |   3231 |   4 | 1127.0 |
        Bailey |    607 |    607 |      0 |    350 |     21 |   1 |  607.0 |
      Gauntlet |    833 |    833 |      0 |    369 |    259 |   1 |  833.0 |
               +--------+--------+--------+--------+--------+-----+--------+

Top non-repeatable levels by time:
     D:9: 1882 daAuts
     D:7: 1458 daAuts
     D:3: 1385 daAuts
  Lair:3: 1373 daAuts
    D:10: 1320 daAuts
  Lair:1: 1264 daAuts
     D:6: 1173 daAuts
     D:4: 1164 daAuts
     D:8: 1141 daAuts
     D:1: 1124 daAuts
  Lair:2: 1088 daAuts
    D:11: 905 daAuts
    D:13: 860 daAuts
     D:2: 848 daAuts
Gauntlet: 833 daAuts
